 Dungeon Crawl Stone Soup version 0.22-a0-271-gc000056a37 (webtiles) character file.

349 Manul the Poker (level 6, -4/79 HPs)
             Began as a Draconian Monk on Mar 11, 2018.
             Slain by a killer bee (6 damage)
             ... on level 4 of the Dungeon.
             The game lasted 00:04:28 (4004 turns).

Manul the Poker (Draconian Monk)                    Turns: 4004, Time: 00:04:29

Health: -4/79      AC: 23    Str: 15    XL:     6   Next: 33%
Magic:  6/6        EV:  2    Int: 10    God:
Gold:   71         SH:  0    Dex: 14    Spells: 5/5 levels left

rFire    . . .     SeeInvis .   e - +0 war axe
rCold    . . .     Gourm    .   (no shield)
rNeg     + + +     Faith    +   (armour unavailable)
rPois    +         Spirit   .   (helmet currently unavailable)
rElec    .         Reflect  .   (cloak currently unavailable)
rCorr    .         Harm     .   (gloves currently unavailable)
MR       +....     NoTele   +   (boots currently unavailable)
Stlth    ++........             n - amulet of faith
HPRegen  0.23/turn              g - ring of protection from magic
MPRegen  0.10/turn              o - ring of positive energy

@: tree-form, very slightly contaminated, hasted, invisible, very quick
A: unfitting armour, AC +6
a: no special abilities


You were on level 4 of the Dungeon.
You were not hungry.
You were a tree.
You visited 1 branch of the dungeon, and saw 5 of its levels.

You collected 71 gold pieces.

Inventory:

Hand Weapons
 a - a +1 spear
 e - a +0 war axe (weapon)
Armour
 j - a cursed +0 pair of gloves (melded)
 k - a +0 buckler
Jewellery
 g - a ring of protection from magic (left branch)
 n - an amulet of faith (around neck)
 o - a ring of positive energy (right branch)
 p - an uncursed ring of wizardry
 v - an uncursed ring of ice
Scrolls
 c - 2 scrolls of fog
 i - 3 scrolls of remove curse {unknown}
 l - a scroll of teleportation {unknown}
 u - a scroll of identify {unknown}
Potions
 d - 3 potions of magic
 h - a potion of brilliance
Comestibles
 b - 5 rations
 q - 7 chunks of flesh


   Skills:
 + Level 4.5 Fighting
 + Level 5.1 Polearms
 + Level 3.7 Dodging
 + Level 3.3 Stealth


You had 5 spell levels left.
You didn't know any spells.

Dungeon Overview and Level Annotations

Branches:
Dungeon (5/15)
 Temple: D:4-7

Altars:

Annotations:
D:3 Zaque's ghost, amateur GrBe
D:4 Grinder; Robin


Innate Abilities, Weirdness & Mutations

((Your plain brown scales are hard. (AC +6)))
You cannot fit into any form of body armour.
((You are cold-blooded and may be slowed by cold attacks.))


Message History

Okay, then.
As you read the scroll labeled PIMPANW UTUIJAUT, it crumbles to dust.
It is a scroll of enchant weapon.
Your +0 spear glows red for a moment.
The killer bee stings you but does no damage. x2
Okay, then.
Okay, then.
Wield which item (- for none, * to show all)? (? for menu, Esc to quit)
e - a +0 war axe (weapon)
You miss the killer bee.
The killer bee is heavily wounded.
You hit the killer bee. The killer bee stings you.
* * * LOW HITPOINT WARNING * * *
The killer bee stings you but does no damage. x3
You closely miss the killer bee.
The killer bee is heavily wounded.
You closely miss the killer bee.
The killer bee stings you but does no damage.
The killer bee stings you.
You die...

#.# #.# #.# #.#
# #§# .?. #§#
.....##§########
.....§yy♣§§.....
...y.§########.#
..... .... ...
#. #


You could see 2 killer bees.

Vanquished Creatures
  A sky beast (D:4)
  A scorpion (D:5)
  A howler monkey (D:5)
  2 worker ants
  An adder (D:3)
  2 oozes (D:2)
  An adder skeleton (D:4)
  2 worms (D:2)
  2 dart slugs (D:1)
  5 leopard geckos
  7 orcs
  5 bats
  5 giant cockroaches
  10 goblins
  10 hobgoblins
  2 jackals (D:5)
  13 kobolds
  A quokka (D:3)
  A ball python (D:1)
  3 frilled lizards (D:2)
  6 rats
81 creatures vanquished.

Vanquished Creatures (others)
  A kobold (D:1)
  A plant (D:2)
2 creatures vanquished.

Grand Total: 83 creatures vanquished

Notes
Turn   | Place    | Note
-------+----------+-------------------------------------------
     0 | D:1      | Manul the Draconian Monk began the quest for the Orb.
     0 | D:1      | Reached XP level 1. HP: 19/19 MP: 1/1
   128 | D:1      | Reached XP level 2. HP: 21/26 MP: 2/2
   706 | D:1      | Reached XP level 3. HP: 24/33 MP: 3/3
  1707 | D:2      | Reached skill level 4 in Polearms
  1828 | D:2      | Reached XP level 4. HP: 40/40 MP: 4/4
  3073 | D:3      | Noticed Zaque's ghost (amateur GrBe)
  3296 | D:4      | Noticed an ogre
  3297 | D:4      | Noticed Robin
  3299 | D:4      | Noticed an ogre
  3344 | D:5      | Entered Level 5 of the Dungeon
  3364 | D:5      | Reached XP level 5. HP: 18/46 MP: 5/5
  3740 | D:4      | Noticed Grinder
  3740 | D:4      | Paralysed by Grinder for 7 turns
  3922 | D:5      | Noticed a sky beast
  3998 | D:4      | Killed a sky beast
  3998 | D:4      | Reached skill level 5 in Polearms
  3998 | D:4      | Reached XP level 6. HP: 11/53 MP: 6/6
  4003 | D:4      | HP: 2/79 [killer bee (5)]
  4004 | D:4      | Slain by a killer bee

Vault maps used:
D:1:      dpeg_arrival_water_altar, minmay_hexomino_u4
D:2:      grunt_decor_one_mirror, lexackson_kobold_supper
D:3:      first_ration
D:4:      uniq_grinder, uniq_robin

Skill      XL: |  1  2  3  4  5 |
---------------+----------------+-----
Dodging        | 3 |  3.7
Stealth        | 2 3 |  3.3
Polearms       | 4 5 |  5.1
Fighting       | 4 |  4.5

Action                   |  1- 3 |  4- 6 || total
-------------------------+-------+-------++-------
Melee: Spear             |   196 |   190 ||   386
       Tailslap          |    19 |    23 ||    42
       War axe           |       |     2 ||     2
  Use: Potion            |       |     7 ||     7
       Scroll            |       |     2 ||     2
 Stab: Sleeping          |     4 |     5 ||     9
       Distracted        |       |     1 ||     1
       Invisible         |       |     3 ||     3
  Eat: Chunk             |     3 |     7 ||    10
Armor: Skin              |    29 |    68 ||    97
Dodge: Dodged            |   111 |    87 ||   198

Table legend:
 A = Spawn XP
 B = Non-spawn XP
 C = Spawn XP percentage of total XP
 D = Spawn monster count
 E = Non-spawn monster count
 F = Spawn count percentage of total count
 G = Total turns spent on level
                    A         B        C        D         E        F      G
               +---------+---------+-------+---------+---------+-------+---------
         Total |       0 |     499 |   0.0 |       0 |      81 |   0.0 |  4004
               +---------+---------+-------+---------+---------+-------+---------
           D:1 |       0 |      46 |   0.0 |       0 |      24 |   0.0 |  1400
           D:2 |       0 |      64 |   0.0 |       0 |      28 |   0.0 |   617
           D:3 |       0 |      73 |   0.0 |       0 |      16 |   0.0 |  1066
           D:4 |       0 |     142 |   0.0 |       0 |       4 |   0.0 |   306
           D:5 |       0 |     174 |   0.0 |       0 |       9 |   0.0 |   615
               +---------+---------+-------+---------+---------+-------+---------
